 Dungeon Crawl Stone Soup version 0.20-a0-738-gb057e68 (webtiles) character file.

128 nono the Sneak (level 5, -6/27 HPs)
             Began as a Vine Stalker Necromancer on Feb 23, 2017.
             Killed by divine providence
             ... invoked by an orc priest
              (10 damage)
             ... on level 3 of the Dungeon.
             The game lasted 00:05:23 (2090 turns).

nono the Sneak (Vine Stalker Necromancer)           Turns: 2090, Time: 00:05:25

Health: -6/27      AC:  7    Str: 11    XL:     5   Next: 12%
Magic:  0/9        EV:  9    Int: 20    God:
Gold:   107        SH:  0    Dex: 15    Spells: 7/8 levels left

rFire    . . .     SeeInvis .   q - +0 dagger
rCold    . . .     Gourm    .   f - +0 scale mail
rNeg     . . .     Faith    .   (no shield)
rPois    .         Spirit   +   (no helmet)
rElec    .         Reflect  .   (no cloak)
rCorr    .         Harm     .   (no gloves)
MR       .....                  g - +0 pair of boots
Stlth    +.........             (no amulet)
Regen    0.5/turn               (no ring)
MPRegen  0.2/turn               (no ring)

@: brilliant
A: fangs 2, regeneration 1, magic shield, antimagic bite, no potion heal 3, rot
immunity
a: no special abilities


You were on level 3 of the Dungeon.
You were not hungry.

You visited 1 branch of the dungeon, and saw 4 of its levels.

You collected 107 gold pieces.

Inventory:

Hand Weapons
 d - a +0 mace
 l - a +0 whip
 q - a +0 dagger (weapon)
Missiles
 j - 33 stones (quivered)
Armour
 a - a +0 robe
 f - a +0 scale mail (worn)
 g - a +0 pair of boots (worn)
Jewellery
 r - an uncursed amulet of rage {unknown}
Scrolls
 h - a scroll of magic mapping {unknown}
 m - 3 scrolls of identify {unknown}
 o - 2 scrolls of remove curse
Books
 b - a book of Necromancy

   Spells                             Type                      Level
   a - Pain                           Necromancy                   1
   b - Animate Skeleton               Necromancy                   1
   c - Vampiric Draining              Necromancy                   3
   d - Regeneration                   Charms/Necromancy            3
   e - Animate Dead                   Necromancy                   4
   f - Control Undead                 Necromancy                   4
Comestibles
 c - a bread ration
 p - a meat ration
 s - a royal jelly


   Skills:
 - Level 2.7 Fighting
 + Level 1.5 Short Blades
 - Level 1.5 Dodging
 + Level 4.2 Stealth
 - Level 2.1 Spellcasting
 - Level 4.0 Necromancy


You had 7 spell levels left.
You knew the following spells:

 Your Spells              Type           Power        Failure   Level  Hunger
a - Pain                  Necr           ####         2%          1    #......


Dungeon Overview and Level Annotations

Branches:
Dungeon (4/15)
 Temple: D:4-7

Altars:
Ashenzari
Okawaru
Qazlal


Innate Abilities, Weirdness & Mutations

You have extremely sharp teeth.
Your natural rate of healing is unusually fast.
When hurt, damage is shared between your health and your magic reserves.
Your bite disrupts and absorbs the magic of your enemies.
Potions cannot restore your health.
You are immune to rotting.


Message History

* * * LOW HITPOINT WARNING * * *
There is a stone staircase leading down here.
The orc hits you but does no damage.
You climb downwards. 2 jackals, an orc and an orc wizard come into view.
The orc wizard shouts!
The orc shouts!
The jackal barks!
Found an escape hatch in the ceiling.
Found two stone staircases leading down.
There is a stone staircase leading up here.
The jackal bites something but does no damage.
Found a scroll labeled QOOTUA NAWU.
An orc comes into view. It is wielding a flail.
There is an escape hatch in the ceiling here.
The orc shouts!
The orc hits you with a mace.
* * * LOW HITPOINT WARNING * * *
A mysterious force pulls you upwards. The hatch slams shut behind you.
The orc priest invokes the aid of Beogh against you.
Beogh smites you!
You die...

#####################
#...................#########
##....#....รท....@......).....#
[.....#..........o....######.#
......#...............# #.#
....####......#.......# #.#
.......#..............######.#
.......#..............#......#
.......#..............#.######
.......#.....o....#+#+#'###
.......#......#........<..#


You could see an orc priest and an orc.

Vanquished Creatures
  An orc priest (D:3)
  An adder (D:3)
  2 oozes (D:1)
  3 worms
  3 dart slugs
  2 leopard geckos
  6 orcs (D:3)
  5 bats
  4 giant cockroaches
  9 goblins
  3 hobgoblins
  7 jackals
  A ball python (D:1)
  3 frilled lizards
  2 kobolds
  6 rats
58 creatures vanquished.

Notes
Turn   | Place    | Note
-------+----------+-------------------------------------------
     0 | D:1      | nono the Vine Stalker Necromancer began the quest for the Orb.
     0 | D:1      | Reached XP level 1. HP: 9/9 MP: 4/4
    64 | D:1      | Reached skill level 1 in Fighting
    92 | D:1      | Reached XP level 2. HP: 7/14 MP: 3/6
   401 | D:1      | Reached XP level 3. HP: 15/18 MP: 7/7
  1100 | D:2      | Found a stormy altar of Qazlal.
  1416 | D:2      | Found a shattered altar of Ashenzari.
  1438 | D:2      | Gained mutation: Your natural rate of healing is unusually fast. [Vine Stalker growth]
  1438 | D:2      | Reached XP level 4. HP: 13/23 MP: 6/8
  1718 | D:3      | Found an iron altar of Okawaru.
  1955 | D:3      | Reached skill level 1 in Short Blades
  2058 | D:3      | Reached XP level 5. HP: 20/27 MP: 5/9
  2090 | D:3      | Killed from afar by an orc priest

Vault maps used:
D:1:      dpeg_arrival_erosion
D:2:      overflow_temple_1_default, grunt_qazlal_clouds
D:3:      overflow_temple_1_default
D:4:      xom_butterflies, first_bread, serial_forest,
          infiniplex_forest_straight_2, infiniplex_forest_lined_3,
          infiniplex_forest_end_3, infiniplex_forest_clump_C,
          infiniplex_forest_lined_corner, infiniplex_forest_lined_ring,
          infiniplex_forest_lined_2, infiniplex_forest_lined_3_way,
          uniq_grinder, uniq_natasha

Skill      XL: |  1  2  3  4 |
---------------+-------------+-----
Fighting       | 1 2 |  2.7
Stealth        | 4 |  4.2
Short Blades   | 1 |  1.5
Dodging        | |  1.5
Spellcasting   | |  2.1
Necromancy     | |  4.0

Action                   |  1- 3 |  4- 6 || total
-------------------------+-------+-------++-------
Melee: Mace              |    75 |       ||    75
       Bite              |    28 |    28 ||    56
       Dagger            |    21 |   140 ||   161
 Cast: Pain              |     4 |       ||     4
  Use: Scroll            |     1 |       ||     1
       Potion            |       |     3 ||     3
 Stab: Sleeping          |     5 |       ||     5
       Distracted        |     1 |       ||     1
  Eat: Chunk             |     2 |     2 ||     4
Armor: Robe              |    12 |       ||    12
       Scale mail        |    10 |    55 ||    65
Dodge: Dodged            |    50 |    66 ||   116
